 Dungeon Crawl Stone Soup version 0.18.1-51-gd549091e01 (webtiles) character file.

237 Ge0ff the Conjurer (level 5, 0/31 HPs)
             Began as a High Elf Earth Elementalist on June 2, 2022.
             Slain by an orc
             ... wielding a +0 mace
              (7 damage)
             ... on level 3 of the Dungeon.
             The game lasted 00:18:34 (4634 turns).

Ge0ff the Conjurer (High Elf Earth Elementalist)    Turns: 4634, Time: 00:18:34

Health: 0/31       AC:  4    Str:  7    XL:     5   Next: 77%
Magic:  1/11       EV: 13    Int: 19    God:
Gold:   127        SH:  2    Dex: 16    Spells: 2 memorised, 7 levels left

rFire  . . .     SeeInvis .     a - +0 short sword
rCold  . . .     Gourm    .     y - +0 robe
rNeg   . . .     Faith    .     (no shield)
rPois  .         Spirit   .     (no helmet)
rElec  .         Dismiss  .     (no cloak)
rCorr  .         Reflect  +     B - +1 pair of gloves (curse)
SustAt .         Harm     .     (no boots)
MR     .....                    T - +2 amulet of reflection
Stlth  ++........               (no ring)
                                (no ring)

@: very slightly contaminated, invisible, not resistant to hostile enchantments,
unstealthy
A: no striking features
a: no special abilities


You were on level 3 of the Dungeon.
You were hungry.

You visited 1 branch of the dungeon, and saw 4 of its levels.

You collected 127 gold pieces.

Inventory:

Hand Weapons
 a - a +0 short sword (weapon)
Missiles
 b - 73 stones
 g - a throwing net {=f}
 K - 5 tomahawks (quivered)
 U - 8 arrows
Armour
 y - a +0 robe (worn)
 B - a cursed +1 pair of gloves (worn)
 L - a +0 shield
 O - a +1 chain mail of magic resistance
 Q - a +1 scale mail of poison resistance
Jewellery
 T - a +2 amulet of reflection (around neck)
Wands
 f - a wand of flame (24/48)
Scrolls
 m - a scroll of magic mapping
 C - 3 scrolls of remove curse
 F - a scroll of fog
Potions
 A - a potion of haste {unknown}
 I - a potion of invisibility
 J - a potion of mutation {unknown}
 M - 2 potions of brilliance {unknown}
 P - a potion of flight {unknown}
 R - a potion of degeneration {unknown}
Books
 c - a book of Geomancy

   Spells                             Type                      Level
   a - Sandblast                      Earth                        1
   b - Passwall                       Transmutation/Earth          2
   c - Stone Arrow                    Conjuration/Earth            3
   d - Petrify                        Transmutation/Earth          4
   e - Lee's Rapid Deconstruction     Earth                        5
Comestibles
 r - 2 bread rations
 u - 3 fruits
 E - 2 meat rations
 V - 5 chunks of flesh


   Skills:
 - Level 2.1 Dodging
 - Level 2.1 Stealth
 + Level 3.6 Spellcasting
 * Level 4.8 Conjurations
   Level 1.1 Transmutations
 - Level 3.2 Earth Magic


You had 7 spell levels left.
You knew the following spells:

 Your Spells              Type           Power        Failure   Level  Hunger
k - Sandblast             Erth           ###...       4%          1    None
s - Stone Arrow           Conj/Erth      ###...       12%         3    ###....


Dungeon Overview and Level Annotations

Branches:
Dungeon (4/15)
 Temple: D:4-7

Altars:
Dithmenos
Elyvilon
Gozag
Makhleb
Nemelex Xobeh
Sif Muna
Trog
Vehumet

Annotations:
D:4 Dowan, Duvessa


Message History

You hit the orc priest but do no damage.
The orc priest closely misses you. The orc hits you with a mace.
Casting: Stone Arrow
Confirm with . or Enter, or press ? or * to list all spells.
Aiming: Sandblast
Press: ? - help, Shift-Dir - straight line, f - orc priest
Aim: an orc priest, wielding a flail The blast of sand hits the orc priest.
The orc priest is severely wounded.
The orc priest misses you. The orc hits you with a mace.
Casting: Sandblast
Confirm with . or Enter, or press ? or * to list all spells.
Aiming: Sandblast
Press: ? - help, Shift-Dir - straight line, f/p - orc priest
Aim: an orc priest, wielding a flail (severely wounded)
The blast of sand hits the orc priest.
The orc priest is severely wounded.
The orc priest hits you with a flail!
* * * LOW HITPOINT WARNING * * *
The orc completely misses you.
Drink which item? (? for menu, Esc to quit)
It was a potion of invisibility.
You fade into invisibility!
I - a potion of invisibility;
J - a bubbling orange potion The orc priest barely misses you.
Casting: Sandblast
Confirm with . or Enter, or press ? or * to list all spells.
Aiming: Sandblast
Press: ? - help, Shift-Dir - straight line, f/p - orc priest
Aim: an orc priest, wielding a flail (severely wounded)
The blast of sand hits the orc priest.
The orc priest is almost dead.
Fire/throw which item? (* to show all) (? for menu, Esc to quit)
Okay, then.
Quiver which item? (- for none, * to show all) (? for menu, Esc to quit)
Quivering
K - 6 tomahawks for throwing.
Throwing (i - inventory. (,) - cycle):
K - 6 tomahawks (quivered)
Press: ? - help, Shift-Dir - straight line, f/p - orc priest
Aim: an orc priest, wielding a flail (almost dead, hasn't noticed you)
You throw a tomahawk. The tomahawk closely misses the orc.
The tomahawk hits the orc priest.
The orc priest is almost dead.
You hit the orc but do no damage. The orc misses you.
You hit the orc.
The orc is severely wounded.
You block the orc's attack.
You hit the orc.
The orc is almost dead.
The orc hits you with a mace!
You die...

#..........#
#..........#
#..........#
#..........#
############.......(..#
..................>...#
###########...........#
##..)..oo....# #######
##......@.....#
......###..#..........#
..........#####.#######
.>....#####....)#
......##........#
......##.##.....#
......##.##.##.##
............##.#
............##.#


You could see an orc priest (wandering) and an orc.

Vanquished Creatures
  Terence (D:2)
  An orc wizard (D:4)
  3 gnolls (D:3)
  7 adders
  2 oozes
  3 worms
  2 giant geckos (D:3)
  An orc (D:3)
  3 ball pythons
  4 giant cockroaches
  9 hobgoblins
  5 jackals
  7 kobolds
  2 quokkas
  9 bats
  4 giant newts
  7 goblins
  9 rats
79 creatures vanquished.

Notes
Turn   | Place    | Note
--------------------------------------------------------------
     0 | D:1      | Ge0ff the High Elf Earth Elementalist began the quest for the Orb.
     0 | D:1      | Reached XP level 1. HP: 11/11 MP: 4/4
   476 | D:1      | Reached XP level 2. HP: 14/17 MP: 3/6
  1376 | D:1      | Reached XP level 3. HP: 5/21 MP: 4/8
  1681 | D:1      | Learned a level 3 spell: Stone Arrow
  1748 | D:2      | Reached skill level 1 in Conjurations
  2077 | D:2      | Reached skill level 2 in Conjurations
  2496 | D:2      | Found a burning altar of Makhleb.
  2553 | D:2      | Found a bloodstained altar of Trog.
  2555 | D:2      | Found a white marble altar of Elyvilon.
  2559 | D:2      | Reached XP level 4. HP: 27/27 MP: 7/9
  2792 | D:2      | Noticed Terence
  2998 | D:2      | Killed Terence
  2998 | D:2      | Reached skill level 3 in Conjurations
  3182 | D:3      | Found a sparkling altar of Nemelex Xobeh.
  3336 | D:3      | Found a radiant altar of Vehumet.
  3336 | D:3      | Found an opulent altar of Gozag.
  3339 | D:3      | Found a shadowy altar of Dithmenos.
  3454 | D:2      | Found a deep blue altar of Sif Muna.
  3528 | D:3      | Reached XP level 5. HP: 24/31 MP: 1/10
  3719 | D:3      | Reached skill level 4 in Conjurations
  4558 | D:4      | Noticed Dowan
  4559 | D:4      | Noticed Duvessa
  4634 | D:3      | Slain by an orc

Skill      XL: |  1  2  3  4  5 |
---------------+----------------+-----
Earth Magic    | 3 |  3.2
Spellcasting   | 3 |  3.6
Conjurations   | 2 3 4 |  4.8
Dodging        | |  2.1
Stealth        | |  2.1
Transmutations | |  1.1

Action                   |  1- 3 |  4- 6 || total
-------------------------+-------+-------++-------
Melee: Unarmed           |     5 |       ||     5
       Hand axe          |    26 |       ||    26
       Short sword       |    28 |    72 ||   100
Throw: Stone             |    11 |    16 ||    27
       Tomahawk          |       |     1 ||     1
 Cast: Sandblast         |    61 |    70 ||   131
       Stone Arrow       |       |    12 ||    12
  Use: Scroll            |     8 |       ||     8
       Potion            |       |     1 ||     1
 Stab: Sleeping          |     2 |     1 ||     3
  Eat: Chunk             |     5 |     7 ||    12
Armor: Robe              |    22 |    24 ||    46
Dodge: Dodged            |    72 |    84 ||   156
Block: Other             |       |     3 ||     3

Vault maps used:
D:1:      matt_arrival_refuge, st_stairs_2
D:2:      nicolae_overflow_hidden_temple, first_bread, uniq_terence
D:3:      grunt_temple_overflow_open
D:4:      nicolae_dithmenos_shadow_blocks, uniq_duvessa
